[Event "*** SCC Grand Prix: Titled Tuesday Blitz"]
[Site "Chess.com"]
[Date "2020.07.14"]
[Round "4"]
[White "marabu44"]
[Black "HouseOfDurin"]
[Result "1-0"]
[WhiteElo "2238"]
[BlackElo "1998"]
[TimeControl "180+1"]
[EndTime "10:37:55 PDT"]
[Termination "marabu44 won by resignation"]

1. Nf3 c5 2. b3 Nc6 3. Bb2 d6 4. e3 e5 5. d4 cxd4 6. exd4 e4 7. d5 exf3 8. dxc6 fxg2 9. Qe2+ Qe7 10. Bxg2 Rb8 11. Nc3 Qxe2+ 12. Nxe2 bxc6 13. Bxc6+ Bd7 14. Bg2 Bg4 15. h3 Bxe2 16. Bc6+ Kd8 17. Kxe2 Ne7 18. Bf3 Ng6 19. h4 f6 20. h5 Ne5 21. Bd5 Be7 22. f4 Nd7 23. Rag1 Bf8 24. Kf3 a5 25. a4 Nc5 26. h6 Rb7 27. Bxb7 Nxb7 28. hxg7 Bxg7 29. Rxg7 1-0

[Event "*** SCC Grand Prix: Titled Tuesday Blitz"]
[Site "Chess.com"]
[Date "2020.07.14"]
[Round "4"]
[White "Izoria123"]
[Black "velemajstor767276"]
[Result "1-0"]
[WhiteElo "2890"]
[BlackElo "2531"]
[TimeControl "180+1"]
[EndTime "10:37:56 PDT"]
[Termination "Izoria123 won by resignation"]

1. Nf3 Nf6 2. c4 e6 3. g3 b6 4. Bg2 Bb7 5. O-O Be7 6. Nc3 O-O 7. Re1 d5 8. cxd5 exd5 9. d4 Re8 10. Bf4 Bd6 11. Bg5 h6 12. Bxf6 Qxf6 13. Qb3 c6 14. e4 dxe4 15. Nxe4 Rxe4 16. Rxe4 Nd7 17. Rae1 Nf8 18.
Re8 c5 19. Rxa8 Bxa8 20. dxc5 Bxc5 21. Qc3 Qf5 22. Nd4 Qf6 23. Nf3 Qf5 24. a3 Ne6 25. b4 Bxf3 26. Qxf3 Qxf3 27. Bxf3 Bd4 28. Bd5 Nc7 29. Bb3 Kf8 30. Rd1 Bb2 31. Rd7 Ne6 32.
Bxe6 fxe6 33. Rxa7 Bd4 34. b5 e5 35. Kf1 e4 36. Ke2 Bc5 37. a4 1-0

[Event "*** SCC Grand Prix: Titled Tuesday Blitz"]
[Site "Chess.com"]
[Date "2020.07.14"]
[Round "4"]
[White "AniJak"]
[Black "Harry_Rakkel"]
[Result "0-1"]
[WhiteElo "2321"]
[BlackElo "2568"]
[TimeControl "180+1"]
[EndTime "10:38:01 PDT"]
[Termination "Harry_Rakkel won by checkmate"]

1. e4 g6 2. d4 Bg7 3. Nc3 d6 4. g3 a6 5. a4 Nd7 6. Bg2 e5 7. Nge2 Ne7 8. O-O O-O 9. f4 exd4 10. Nxd4 Nc5 11. h3 Bd7 12. Be3 Nc6 13. Kh2 Re8 14. Nxc6 Bxc6 15. Bxc5 dxc5 16. e5 Bxg2 17. Kxg2 f6 18.
Qf3 fxe5 19. Qxb7 Rb8 20. Qxa6 Rxb2 21. Qc4+ Kh8 22. Nd5 e4 23. Rad1 Bd4 24. Rxd4 cxd4 25. Qxd4+ Kg8 26. Ne7+ Kf7 27. Qxb2 Rxe7 28. Re1 Qd2+ 29.
Kf1 e3 30. Qb3+ Kf8 31. Qc4 Qf2# 0-1

[Event "*** SCC Grand Prix: Titled Tuesday Blitz"]
[Site "Chess.com"]
[Date "2020.07.14"]
[Round "4"]
[White "Legendinunknown"]
[Black "ShimanovAlex"]
[Result "1-0"]
[WhiteElo "2586"]
[BlackElo "2818"]
[TimeControl "180+1"]
[EndTime "10:38:02 PDT"]
[Termination "Legendinunknown won by resignation"]

1. d4 Nf6 2. c4 g6 3. Nc3 Bg7 4.
e4 O-O 5. Nf3 d6 6. Be2 e5 7. d5 a5 8. Bg5 h6 9. Be3 Ng4 10. Bc1 f5 11. exf5 gxf5 12. g3 e4 13. Nh4 Ne5 14. O-O Na6 15. Be3 Nc5 16. Qd2 Kh7 17. f4 Ng6 18. Nxg6 Kxg6 19. Rae1 Bd7 20.
Kh1 Kh7 21. Rg1 Qf6 22. Nd1 a4 23. g4 fxg4 24. Bxg4 Bxg4 25. Rxg4 Nd3 26. Reg1 Rf7 27. Nc3 Qe7 28. Qg2 Re8 29. a3 Nc5 30. Qh3 Qd7 31. Qh5 Qf5 32. Rxg7+ 1-0

[Event "*** SCC Grand Prix: Titled Tuesday Blitz"]
[Site "Chess.com"]
[Date "2020.07.14"]
[Round "4"]
[White "GustavoJuarezF"]
[Black "kidagent"]
[Result "0-1"]
[WhiteElo "1988"]
[BlackElo "2223"]
[TimeControl "180+1"]
[EndTime "10:38:06 PDT"]
[Termination "kidagent won on time"]

1. e4 c5 2. Nc3 Nc6 3. g3 g6 4.
Bg2 Bg7 5. Nge2 Nd4 6. O-O e6 7. h3 Ne7 8. d3 O-O 9. Be3 Nec6 10. Qd2 b6 11. Nd1 Bb7 12. Nc1 d5 13. a4 dxe4 14. dxe4 Ne5 15. Bxd4 cxd4 16. f4 Nc4 17. Qd3 Rc8 18.
b3 Ne3 19. Nxe3 dxe3 20. Qxd8 Rfxd8 21. Ra2 Rd2 22. Re1 Rcxc2 23. Rxc2 Rxc2 24. Ne2 Ba6 25. Bf3 Bf8 26. Kf1 Bb4 27. Rd1 Bd2 28. e5 Rb2 29. Kg1 Rxb3 30. Nc1 Rb1 31. Nb3 Rxb3 0-1

[Event "*** SCC Grand Prix: Titled Tuesday Blitz"]
[Site "Chess.com"]
[Date "2020.07.14"]
[Round "4"]
[White "SilviusTiberius"]
[Black "topotun"]
[Result "0-1"]
[WhiteElo "2486"]
[BlackElo "2706"]
[TimeControl "180+1"]
[EndTime "10:38:07 PDT"]
[Termination "topotun won by resignation"]

1. e4 c5 2. Nf3 e6 3. d4 cxd4 4. Nxd4 Nc6 5. Nc3 Qc7 6. Be3 a6 7. Qf3 Nf6 8. O-O-O Nxd4 9. Bxd4 e5 10. Be3 d6 11. h3 b5 12. Bg5 b4 13. Nd5 Nxd5 14.
Rxd5 Be6 15. Qb3 Be7 16. Bxe7 Kxe7 17. Bd3 Bxd5 18. Qxd5 a5 19. Bc4 Rhf8 20. f4 Rac8 21. b3 Qc5 22. Qd2 exf4 23. Qxf4 Qe5 24. Rf1 Qxf4+ 25. Rxf4 Rc5 26. Bd5 f6 27. Rf2 Rc3 28. Rd2 Rfc8 29. Bc4 Rc5 30. Kd1 Re3 31. Bd5 g6 32. Rf2 f5 33. Kd2 Rg3 34. Re2 Kf6 35.
Ke1 Ke5 36. Kf2 Rgc3 37. Bc4 fxe4 0-1

[Event "*** SCC Grand Prix: Titled Tuesday Blitz"]
[Site "Chess.com"]
[Date "2020.07.14"]
[Round "4"]
[White "BogdanDeac"]
[Black "grunbergmihai"]
[Result "1/2-1/2"]
[WhiteElo "2790"]
[BlackElo "2520"]
[TimeControl "180+1"]
[EndTime "10:38:09 PDT"]
[Termination "Game drawn by repetition"]

1. Nf3 Nf6 2. c4 g6 3. Nc3 d5 4.
cxd5 Nxd5 5. h4 h5 6. e4 Nxc3 7.
dxc3 Qxd1+ 8. Kxd1 Bg7 9. Kc2 Nd7 10. Nd4 c6 11. f3 Nc5 12. Be3 Ne6 13. Nb3 Be5 14. a4 a5 15. Bc4 Bc7 16. Rad1 Nf4 17. Rhg1 Be6 18. Bxf4 Bxf4 19. Bxe6 fxe6 20. g3 Be3 21. Rg2 b5 22. axb5 cxb5 23. f4 a4 24.
Nd4 Bxd4 25. Rxd4 a3 26. bxa3 Rxa3 27. Kb2 Ra5 28. Kb3 Kf7 29. Kb4 Rha8 30. Rgd2 Ra3 31. R4d3 R8a5 32. e5 R3a4+ 33. Kb3 Ra3+ 34. Kb4 R3a4+ 35.
Kb3 Ra3+ 36. Kb4 1/2-1/2

[Event "*** SCC Grand Prix: Titled Tuesday Blitz"]
[Site "Chess.com"]
[Date "2020.07.14"]
[Round "4"]
[White "Yoshikrov"]
[Black "Ave_Mariia"]
[Result "0-1"]
[WhiteElo "2123"]
[BlackElo "2384"]
[TimeControl "180+1"]
[EndTime "10:38:09 PDT"]
[Termination "Ave_Mariia won by checkmate"]

1. e4 c5 2. Nf3 d6 3. d4 cxd4 4. Nxd4 Nf6 5. Nc3 g6 6. Be3 Bg7 7. Bc4 Nc6 8. f3 O-O 9. Qd2 Bd7 10. O-O-O Rc8 11. Bb3 Nxd4 12. Bxd4 b5 13. Nd5 Nxd5 14. Bxg7 Kxg7 15. Bxd5 a5 16. a3 Qc7 17. Kb1 b4 18. axb4 axb4 19. Bb3 Qa5 20. Qd5 Rc5 21. Qd4+ Kg8 22. g4 Ra8 23. Kc1 Rac8 24. Kd2 Rxc2+ 25. Bxc2 b3+ 26. Ke3 Rxc2 27. Ra1 Qg5+ 28. f4 Qxg4 29. Ra8+ Bc8 30. Rxc8+ Qxc8 31. Rd1 Qh3# 0-1

[Event "*** SCC Grand Prix: Titled Tuesday Blitz"]
[Site "Chess.com"]
[Date "2020.07.14"]
[Round "4"]
[White "VladimirBugayev"]
[Black "Unknown_IM"]
[Result "0-1"]
[WhiteElo "2116"]
[BlackElo "2381"]
[TimeControl "180+1"]
[EndTime "10:38:09 PDT"]
[Termination "Unknown_IM won on time"]

1. e4 e5 2. Nf3 Nc6 3. Nc3 Nf6 4. d4 exd4 5. Nxd4 Bb4 6. Nxc6 bxc6 7. Bd3 d5 8. exd5 cxd5 9. O-O O-O 10. h3 c6 11. Qf3 Bd6 12. Bf4 Rb8 13. b3 Rb4 14.
Ne2 Re8 15. c3 Rb8 16. Nd4 Bb7 17. b4 a5 18. a3 axb4 19. axb4 Qc7 20. Bxd6 Qxd6 21.
Nf5 Qc7 22. Rfe1 c5 23. bxc5 Qxc5 24. Nh6+ Kf8 25. Nf5 Qxc3 26. Rec1 Qe5 27. Re1 Qc7 28. Rxe8+ Rxe8 29. Rb1 Ba8 30. Ng3 d4 31. Qf5 Re5 32. Qf4 Re1+ 33. Rxe1 Qxf4 34. Nf5 Be4 0-1

[Event "*** SCC Grand Prix: Titled Tuesday Blitz"]
[Site "Chess.com"]
[Date "2020.07.14"]
[Round "4"]
[White "JuliaEfremova"]
[Black "2nd_life"]
[Result "1-0"]
[WhiteElo "2315"]
[BlackElo "2470"]
[TimeControl "180+1"]
[EndTime "10:38:10 PDT"]
[Termination "JuliaEfremova won on time"]

1. e4 e5 2. Nf3 Nc6 3. d4 exd4 4. Nxd4 Bb4+ 5. Nc3 Qe7 6. f3 d5 7. Nxc6 bxc6 8.
Be2 Qh4+ 9. g3 Qh3 10. exd5 Qg2 11. Rf1 Qxh2 12. Bf4 Bh3 13. Qd4 Bxc3+ 14. bxc3 Bxf1 15. Bxf1 Nf6 16. O-O-O O-O 17. dxc6 h6 18. Ba6 Nh5 19. Bxc7 Nxg3 20. Qe5 Ne2+ 21. Bxe2 Qxe5 22. Bxe5 Rfe8 23. f4 f6 24. Bc4+ Kh8 25. Bd6 Rac8 26. c7 1-0

[Event "*** SCC Grand Prix: Titled Tuesday Blitz"]
[Site "Chess.com"]
[Date "2020.07.14"]
[Round "4"]
[White "Lion-Al-Messi"]
[Black "ChessFunMaker"]
[Result "1-0"]
[WhiteElo "2438"]
[BlackElo "2261"]
[TimeControl "180+1"]
[EndTime "10:38:11 PDT"]
[Termination "Lion-Al-Messi won by checkmate"]

1. e4 c5 2. Nf3 d6 3. d4 cxd4 4. Nxd4 Nf6 5. Nc3 a6 6. h3 e6 7.
g4 d5 8. Nde2 Nc6 9. Bg2 dxe4 10.
Qxd8+ Nxd8 11. Nxe4 Nxe4 12. Bxe4 Nc6 13. O-O Bc5 14. c3 f5 15. Bxc6+ bxc6 16. Be3 Bxe3 17.
fxe3 Rb8 18. b4 fxg4 19. hxg4 e5 20. g5 c5 21. bxc5 Rb2 22. Ng3 Be6 23. Rab1 Rxb1 24. Rxb1 O-O 25. Rb6 Bc4 26. c6 Rc8 27. Nf5 Rc7 28.
Nd6 Kf8 29. Nxc4 Ke7 30. Nxe5 Kd6 31. Nc4+ Kc5 32. Rb7 Rxc6 33. Ne5 Re6 34. Nd3+ Kc4 35. Nf4 Rxe3 36. Rxg7 Kxc3 37. Nd5+ Kd4 38. Nxe3 Kxe3 39.
Rxh7 Kf4 40. g6 a5 41. g7 a4 42. g8=Q a3 43. Qb3 Ke4 44. Rh4+ Kf5 45. Qd5+ Kf6 46. Rf4+ Kg7 47. Qg5+ Kh7 48. Rf7+ Kh8 49. Qg7# 1-0

[Event "*** SCC Grand Prix: Titled Tuesday Blitz"]
[Site "Chess.com"]
[Date "2020.07.14"]
[Round "4"]
[White "ChessBitl"]
[Black "talman67"]
[Result "0-1"]
[WhiteElo "2304"]
[BlackElo "2478"]
[TimeControl "180+1"]
[EndTime "10:38:12 PDT"]
[Termination "talman67 won by resignation"]

1. e4 g6 2. d4 Bg7 3. c4 d6 4.
Nc3 Nf6 5. f3 O-O 6. Be3 Nc6 7.
Qd2 a6 8. Nge2 Rb8 9. d5 Ne5 10.
Nd4 c5 11. dxc6 Nxc6 12. O-O-O Nxd4 13. Bxd4 Be6 14. Kb1 b5 15. cxb5 axb5 16. Bxb5 Qa5 17. a4 Qb4 18. Bxf6 Bxf6 19. Nd5 Qb3 20. Qc2 Rxb5 21.
axb5 Bxd5 22. Rxd5 Qb4 23. f4 Ra8 24. e5 dxe5 25.
fxe5 Qa5 26. Kc1 Bg5+ 27. Kd1 Qa1+ 28. Ke2 Qxh1 29. Kf3 Qf1+ 30. Kg4 Qf4+ 0-1

[Event "*** SCC Grand Prix: Titled Tuesday Blitz"]
[Site "Chess.com"]
[Date "2020.07.14"]
[Round "4"]
[White "grandcoach"]
[Black "elamier"]
[Result "0-1"]
[WhiteElo "2114"]
[BlackElo "2311"]
[TimeControl "180+1"]
[EndTime "10:38:12 PDT"]
[Termination "elamier won by resignation"]

1. e4 c5 2. b4 cxb4 3. a3 d5 4. exd5 Qxd5 5. Bb2 Nc6 6. Nf3 e5 7. c4 bxc3 8. Nxc3 Qd8 9. Bb5 Bd6 10. O-O Ne7 11.
Ne4 O-O 12. Re1 Bg4 13. h3 Bh5 14. g4 Bg6 15. Nxd6 Qxd6 16. Nxe5 Rfd8 17. d4 Nxd4 18. Qxd4 Qxd4 19. Bxd4 Rxd4 20. Nf3 Re4 21. Nh4 Rxe1+ 22. Rxe1 Kf8 23. Rd1 a6 24. Bf1 Be4 25. Rd7 g5 26.
Nf5 Nxf5 27. gxf5 Bxf5 28. Rxb7 a5 29. Bc4 Bg6 30. Kg2 Rc8 31. Ba6 Be4+ 0-1

[Event "*** SCC Grand Prix: Titled Tuesday Blitz"]
[Site "Chess.com"]
[Date "2020.07.14"]
[Round "4"]
[White "BlueWizzard"]
[Black "SiddharthGMJagadeesh"]
[Result "0-1"]
[WhiteElo "2738"]
[BlackElo "2515"]
[TimeControl "180+1"]
[EndTime "10:38:13 PDT"]
[Termination "SiddharthGMJagadeesh won by resignation"]

1. d4 g6 2. Nc3 Bg7 3. Bg5 c5 4.
e3 cxd4 5. exd4 Qb6 6. Nf3 d6 7.
Bb5+ Bd7 8. Nd5 Qa5+ 9. Bd2 Qd8 10. a4 a6 11. Bc4 e6 12. Nf4 d5 13. Bd3 Ne7 14.
h4 Nbc6 15. c3 e5 16. dxe5 Bg4 17. Be2 Bxf3 18. Bxf3 Nxe5 19. h5 O-O 20. Be3 Nxf3+ 21. Qxf3 d4 22. hxg6 dxe3 23. Rxh7 Qd2+ 24. Kf1 Qxf2+ 25.
Qxf2 exf2 26. Rd1 fxg6 27. Rxg7+ Kxg7 28. Ne6+ Kf7 29. Nxf8 Rxf8 30. Rd7 Rb8 31. Kxf2 Ke8 32. Rd6 Rd8 33. Rb6 Rd7 34. Kf3 Kf7 35. c4 Nc6 36. b4 Ne5+ 0-1

[Event "*** SCC Grand Prix: Titled Tuesday Blitz"]
[Site "Chess.com"]
[Date "2020.07.14"]
[Round "4"]
[White "volcanoexplorer"]
[Black "ferdipy"]
[Result "1-0"]
[WhiteElo "2573"]
[BlackElo "2328"]
[TimeControl "180+1"]
[EndTime "10:38:13 PDT"]
[Termination "volcanoexplorer won by resignation"]

1. e4 e6 2. d4 d5 3. Nc3 Bb4 4. e5 c5 5. a3 Bxc3+ 6. bxc3 Ne7 7. Qg4 Qc7 8. Qxg7 Rg8 9. Qxh7 cxd4 10. Ne2 Nbc6 11. f4 dxc3 12. Qd3 Bd7 13. Rb1 Rc8 14. h4 Nf5 15. h5 Ke7 16. h6 Rg6 17. h7 Rh8 18. Nxc3 a6 19. Qxf5 exf5 20. Nxd5+ Kd8 21. Nxc7 Kxc7 22. Rb3 Nd4 23. Rd3 Ne6 24. Rdh3 Bc6 25. R1h2 Be4 26. Kf2 b5 27. c4 Bc6 28.
cxb5 axb5 29. Bd3 Ng7 30. Rh6 Re6 31. Be3 Kd7 32. Bc5 Kd8 33. Bf8 Rxf8 34. Rxe6 Rh8 35. Rf6 Be8 36. Bxf5 Ke7 37. Be4 Ne6 38. Ke3 Nc5 39.
g4 Nd7 40. Rd6 Nc5 41. g5 Bd7 42. g6 fxg6 43. Rxg6 Be6 44. f5 Ba2 45. Rg7+ Kf8 46. f6 Nxe4 47. Kxe4 Bb1+ 48. Kf4 b4 49. axb4 1-0

[Event "*** SCC Grand Prix: Titled Tuesday Blitz"]
[Site "Chess.com"]
[Date "2020.07.14"]
[Round "4"]
[White "dretch"]
[Black "bazar-wokzal"]
[Result "1-0"]
[WhiteElo "2814"]
[BlackElo "2442"]
[TimeControl "180+1"]
[EndTime "10:38:15 PDT"]
[Termination "dretch won on time"]

1. d4 Nf6 2. c4 Nc6 3. Nf3 e6 4. a3 g6 5. Nc3 Bg7 6. e4 d5 7.
cxd5 exd5 8. e5 Ne4 9. Bd3 Bf5 10.
O-O O-O 11. Re1 Nxc3 12. bxc3 Bxd3 13. Qxd3 Qd7 14. Bg5 Na5 15. h4 Nc4 16. h5 Qg4 17.
h6 Bh8 18. Qb1 Rab8 19. Qb5 c6 20. Qc5 a5 21. Bf6 Bxf6 22. exf6 Qf4 23. Qe7 Qxh6 24. Re2 Qf4 25. Rae1 h5 26. Ne5 h4 27. Nxg6 Qg4 28.
Nxf8 h3 29. f3 Qg3 30. Nd7 Ra8 31. Ne5 1-0

[Event "*** SCC Grand Prix: Titled Tuesday Blitz"]
[Site "Chess.com"]
[Date "2020.07.14"]
[Round "4"]
[White "NotFischer"]
[Black "Artem_Sadovsky"]
[Result "0-1"]
[WhiteElo "2147"]
[BlackElo "2552"]
[TimeControl "180+1"]
[EndTime "10:38:15 PDT"]
[Termination "Artem_Sadovsky won by resignation"]

1. e4 g6 2. d4 Bg7 3. Nc3 d6 4.
Bf4 e5 5. dxe5 dxe5 6. Qxd8+ Kxd8 7. Be3 Be6 8. O-O-O+ Nd7 9. Nf3 f6 10. Bb5 c6 11. Ba4 Bh6 12. Rhe1 Ke7 13. Bb3 Nc5 14.
Kb1 Bxe3 15. Rxe3 a5 16. Bxe6 Kxe6 17. b3 Nh6 18. h3 b5 19. Kb2 Nf7 20. Ne2 Nd6 21. Ng3 Rhc8 22. Re2 a4 23. a3 Rc7 24. b4 Nc4+ 25. Ka2 Nb7 26. Nf1 Nbd6 27. N1d2 Nb6 28.
Ree1 c5 29. c3 cxb4 30. cxb4 Rc2+ 31. Kb1 Rac8 32. Rc1 Rxc1+ 33. Rxc1 Rxc1+ 34. Kxc1 Nbc4 35. Nxc4 Nxc4 36. Nd2 Nxa3 37. Kb2 Nc4+ 38. Nxc4 bxc4 39. Kc3 a3 40. b5 Kd6 0-1

[Event "*** SCC Grand Prix: Titled Tuesday Blitz"]
[Site "Chess.com"]
[Date "2020.07.14"]
[Round "4"]
[White "pooh2012"]
[Black "MF1966Idrisov"]
[Result "0-1"]
[WhiteElo "2470"]
[BlackElo "2324"]
[TimeControl "180+1"]
[EndTime "10:38:15 PDT"]
[Termination "MF1966Idrisov won by resignation"]

1. d4 d5 2. Nc3 e6 3. Bf4 Nf6 4. e3 Bd6 5. Bg3 O-O 6. Nge2 c5 7. Qd2 Nc6 8. h4 Ne4 9. Nxe4 dxe4 10. c3 f5 11.
Bxd6 Qxd6 12. Nf4 Kh8 13. Bc4 e5 14. dxe5 Qxe5 15. h5 Rf6 16. Ng6+ Rxg6 17. hxg6 h6 18.
O-O-O Be6 19. Bxe6 Qxe6 20. Qd6 Qxa2 21. Rxh6+ gxh6 22. Qf6+ Kg8 23. Rd7 Qa1+ 24. Kd2 Qxb2+ 25. Ke1 Qb1+ 26.
Rd1 Qb3 27. Rd7 Qb1+ 28. Ke2 Qb2+ 29. Rd2 Qb3 30. Rd7 Nd4+ 31. exd4 Qb5+ 32. Ke3 Qxd7 33. d5 c4 34. Kd4 Rd8 35. Ke5 Qxd5+ 36. Kf4 Qd6+ 0-1

[Event "*** SCC Grand Prix: Titled Tuesday Blitz"]
[Site "Chess.com"]
[Date "2020.07.14"]
[Round "4"]
[White "memer5334"]
[Black "MusicCityMaster"]
[Result "0-1"]
[WhiteElo "2233"]
[BlackElo "2418"]
[TimeControl "180+1"]
[EndTime "10:38:15 PDT"]
[Termination "MusicCityMaster won by checkmate"]

1. Nf3 Nf6 2. d4 d5 3. c3 Bf5 4. Bf4 e6 5. e3 h6 6. Bd3 Bxd3 7. Qxd3 c6 8. Nbd2 Nbd7 9. Bg3 Be7 10. O-O O-O 11.
Rfe1 Nh5 12. e4 Nxg3 13. hxg3 dxe4 14. Nxe4 Nf6 15. Nxf6+ Bxf6 16. Ne5 a6 17. Re2 Qd6 18.
Rae1 Rfd8 19. Nf3 c5 20. Qe4 cxd4 21. cxd4 Bxd4 22. Rd2 e5 23. Nxe5 Qxe5 24. Qxe5 Bxe5 25. Rxd8+ Rxd8 26. Rxe5 Rd1+ 27. Kh2 Rd2 28. b4 Rxa2 29. Re7 b5 30. Ra7 Rxf2 31. Rxa6 Rb2 32. Rb6 Rxb4 33. Kh3 Kh7 34. g4 f6 35. Kg3 Rb3+ 36. Kf4 Kg6 37.
Rc6 Rb4+ 38. Kf3 Rc4 39. Rb6 b4 40. Rb7 Rc3+ 41. Kf4 b3 42. g3 Kh7 43. Kf5 Rxg3 44. Kf4 Rc3 45. Rb4 Kg6 46. Rb6 Kf7 47. Kf5 Rc5+ 48.
Kf4 g5+ 49. Kf3 Rc3+ 50. Ke4 Rc4+ 51. Kf3 Rc3+ 52. Ke4 Kg6 53. Rb7 Rg3 54. Kd5 Rxg4 55. Rxb3 h5 56. Ke6 h4 57. Rb8 Re4+ 58. Kd5 Re5+ 59.
Kd4 g4 60. Rh8 h3 61. Rg8+ Kf5 62. Rh8 Kf4 63. Rh6 Rf5 64. Kd3 Kf3 65. Kd2 Kg2 66. Ke2 Re5+ 67. Kd3 h2 68. Rxf6 h1=Q 69. Kd4 Qe1 70.
Rd6 Qe3+ 71. Kc4 Rc5+ 72. Kb4 Qc3+ 73. Ka4 Ra5# 0-1

[Event "*** SCC Grand Prix: Titled Tuesday Blitz"]
[Site "Chess.com"]
[Date "2020.07.14"]
[Round "4"]
[White "shav3184"]
[Black "MrChampion_Coach"]
[Result "1-0"]
[WhiteElo "2287"]
[BlackElo "2427"]
[TimeControl "180+1"]
[EndTime "10:38:17 PDT"]
[Termination "shav3184 won on time"]

1. e4 c5 2. Nf3 d6 3. d4 cxd4 4.
Nxd4 Nf6 5. f3 e5 6. Nb3 Be6 7. c4 Be7 8. Nc3 O-O 9. Be2 Nbd7 10.
Be3 Nh5 11. Qd2 Nb6 12. Nd5 Nxd5 13. cxd5 Bd7 14. O-O h6 15. Rac1 Bg5 16. g3 Bxe3+ 17. Qxe3 Bh3 18. Rfd1 Qb6 19. Qxb6 axb6 20. a3 Rfc8 21. Kf2 Bd7 22. Nd2 b5 23. Nb1 Nf6 24. Nc3 Ra5 25. Na2 1-0

[Event "*** SCC Grand Prix: Titled Tuesday Blitz"]
[Site "Chess.com"]
[Date "2020.07.14"]
[Round "4"]
[White "AGW2016"]
[Black "harkerchess"]
[Result "1-0"]
[WhiteElo "2262"]
[BlackElo "2087"]
[TimeControl "180+1"]
[EndTime "10:38:19 PDT"]
[Termination "AGW2016 won by checkmate"]

1. d4 d5 2. c4 c6 3. Nf3 Nf6 4. Qb3 dxc4 5. Qxc4 Bf5 6. g3 e6 7. Bg2 Be7 8. O-O O-O 9. Nc3 Nbd7 10. Re1 Nb6 11. Qb3 Nbd5 12. Ne5 Nxc3 13. bxc3 Qc7 14. e4 Bg6 15. Bf4 Qc8 16. Rab1 b6 17. c4 c5 18.
Nxg6 hxg6 19. d5 Qd7 20. Rbd1 Nh5 21. Be3 Rad8 22. e5 Rfe8 23. g4 exd5 24. gxh5 dxc4 25. Rxd7 cxb3 26. Rxd8 Rxd8 27. axb3 gxh5 28. Bf3 g6 29. Rd1 Rxd1+ 30. Bxd1 Kg7 31. f4 b5 32. Kf2 a5 33.
Kf3 c4 34. bxc4 bxc4 35. Ke4 f6 36. Kd5 fxe5 37. fxe5 c3 38. Ke6 Bb4 39. Kd7 Kf8 40. e6 h4 41. Bb3 Kg7 42. Bd4+ Kh6 43. e7 Bxe7 44. Kxe7 g5 45. Bxc3 g4 46. Bxa5 g3 47. h3 Kg5 48. Bd5 Kf4 49. Kf6 Ke3 50. Bb6+ Ke2 51.
Kg5 Kf1 52. Kxh4 g2 53. Bxg2+ Kxg2 54. Kg4 Kh2 55. h4 Kg2 56. h5 Kh2 57. h6 Kg2 58. h7 Kh2 59. h8=Q+ Kg2 60. Qh4 Kf1 61. Qf2# 1-0

[Event "*** SCC Grand Prix: Titled Tuesday Blitz"]
[Site "Chess.com"]
[Date "2020.07.14"]
[Round "4"]
[White "Kotofeyca"]
[Black "maxsergej"]
[Result "1-0"]
[WhiteElo "2307"]
[BlackElo "2081"]
[TimeControl "180+1"]
[EndTime "10:38:19 PDT"]
[Termination "Kotofeyca won on time"]

1. d4 Nf6 2. c4 e6 3. Nf3 d5 4. Nc3 c6 5. cxd5 exd5 6. Bg5 h6 7. Bh4 Bf5 8. Qb3 Qb6 9. Qxb6 axb6 10. Bxf6 gxf6 11.
e3 Nd7 12. Nh4 Bg6 13. Kd2 Bd6 14. Bd3 Rg8 15. g3 b5 16. Nf5 Bxf5 17. Bxf5 Nb6 18. b3 Nc8 19. a4 bxa4 20. Bxc8 Rxc8 21. Rxa4 Kd7 22. Ra7 Kc7 23. Rc1 Kb6 24. Rca1 Bb4 25. Kd3 Bxc3 26. Kxc3 f5 27. R7a4 f4 28. exf4 Rge8 29.
Kd3 Re7 30. R4a2 Rce8 31. Rc2 Re6 32. b4 f5 33. Rb1 Re1 34. Rxe1 Rxe1 35. Re2 Rb1 36. Re6 Rxb4 37. Rxh6 Rb3+ 38. Kc2 Rf3 39. Rh5 Rxf2+ 40. Kd3 Kb5 41. Rxf5 Rxh2 42. Rg5 Rg2 43. f5 1-0

[Event "*** SCC Grand Prix: Titled Tuesday Blitz"]
[Site "Chess.com"]
[Date "2020.07.14"]
[Round "4"]
[White "FabianoCaruana"]
[Black "Semen_Khanin"]
[Result "1-0"]
[WhiteElo "3019"]
[BlackElo "2764"]
[TimeControl "180+1"]
[EndTime "10:38:20 PDT"]
[Termination "FabianoCaruana won by resignation"]

1. e4 e5 2. Nf3 Nc6 3. Bb5 a6 4.
Ba4 b5 5. Bb3 g6 6. a4 b4 7. d4 exd4 8. Nxd4 Na5 9. Bd5 c6 10.
Ba2 Bg7 11. O-O Ne7 12. c3 c5 13. Nf3 O-O 14. Bf4 Bb7 15. Bd6 Bxe4 16. Re1 Bxf3 17. Qxf3 b3 18. Bxe7 Re8 19. Nd2 Qb6 20. Bb1 Nc6 21. Bd3 Ne5 22. Rxe5 Bxe5 23. Nc4 Qe6 24. Nxe5 Qxe7 25. Ng4 Kg7 26. Ne3 Rab8 27. Bxa6 Qd6 28.
Bc4 f5 29. g3 Re7 30. a5 Qd2 31. Qe2 Qxe2 32. Bxe2 Rb7 33. a6 Ra7 34. Bc4 Re5 35.
Bxb3 d6 36. Bc4 Ree7 37. b4 cxb4 38. cxb4 Rec7 39. b5 1-0

[Event "*** SCC Grand Prix: Titled Tuesday Blitz"]
[Site "Chess.com"]
[Date "2020.07.14"]
[Round "4"]
[White "FearNoEvil12"]
[Black "czasnaszachy"]
[Result "1-0"]
[WhiteElo "2013"]
[BlackElo "2213"]
[TimeControl "180+1"]
[EndTime "10:38:20 PDT"]
[Termination "FearNoEvil12 won on time"]

1. e4 c5 2. Nc3 e6 3. f4 Qc7 4.
Nf3 Qxf4 5. d4 Qc7 6. d5 exd5 7.
Nxd5 Qd8 8. Bf4 d6 9. Bd3 Ne7 10.
O-O Nxd5 11. exd5 Be7 12. Re1 O-O 13. Qe2 Bf6 14. c3 Na6 15. Qe4 g6 16. Bh6 Bg7 17.
Bxg7 Kxg7 18. Qf4 Nc7 19. c4 Qf6 20. Qg3 b5 21. b3 bxc4 22. bxc4 Rb8 23. Rf1 Ba6 24. Rad1 Rb2 25. Kh1 Qc3 26. Ng5 Bxc4 27. Ne4 Qb4 28. Qxd6 Bxd3 29. Qe5+ f6 30. Nxf6 Qd4 31.
Qe7+ Rf7 32. Ne8+ Nxe8 33. Qxf7+ Kh6 34. Qf8+ 1-0

[Event "*** SCC Grand Prix: Titled Tuesday Blitz"]
[Site "Chess.com"]
[Date "2020.07.14"]
[Round "4"]
[White "biaf13"]
[Black "Shivagami"]
[Result "0-1"]
[WhiteElo "1951"]
[BlackElo "2213"]
[TimeControl "180+1"]
[EndTime "10:38:20 PDT"]
[Termination "Shivagami won by resignation"]

1. e4 c5 2. Nf3 d6 3. d4 cxd4 4. Nxd4 Nf6 5. Nc3 a6 6. Be3 e5 7. Nb3 Be6 8. f3 Be7 9. Qd2 b5 10. O-O-O Nbd7 11. g4 Rc8 12. g5 Nh5 13. Ne2 Nb6 14.
Ng3 Nf4 15. h4 Qc7 16. Kb1 Nc4 17. Bxc4 bxc4 18. Nc1 c3 19. Qxc3 Qxc3 20. bxc3 Rxc3 21. Rhe1 O-O 22. Nf5 Rb8+ 23. Ka1 Bxf5 24. exf5 Ng2 25. Ba7 Rb7 26. Rg1 Rxc2 27. f6 Bf8 28. fxg7 Kxg7 29. Nb3 Rxa7 30. Kb1 Rac7 31. Rc1 Rxc1+ 32. Nxc1 Nf4 0-1

[Event "*** SCC Grand Prix: Titled Tuesday Blitz"]
[Site "Chess.com"]
[Date "2020.07.14"]
[Round "4"]
[White "Boudicca64"]
[Black "KingChess345"]
[Result "0-1"]
[WhiteElo "1799"]
[BlackElo "2159"]
[TimeControl "180+1"]
[EndTime "10:38:21 PDT"]
[Termination "KingChess345 won by checkmate"]

1. e4 c5 2. g3 Nc6 3. Bg2 g6 4. Ne2 Bg7 5. c3 e5 6. O-O Nge7 7. d3 O-O 8. Be3 d6 9. h3 f5 10. d4 cxd4 11. cxd4 f4 12. gxf4 exf4 13. Nxf4 Nxd4 14. Nc3 Ne6 15. Qb3 Qd7 16. h4 Kh8 17.
Bh3 Nc5 18. Bxc5 Qc6 19. Be3 Rxf4 20. Bxc8 Rxh4 21. Bxb7 Qd7 22. Bxa8 Qg4# 0-1